 Dungeon Crawl Stone Soup version 0.21-a0-538-gd16b88a (webtiles) character file.

28 Dobeq the Chopper (level 2, -2/27 HPs)
             Began as a Minotaur Chaos Knight on Dec 15, 2017.
             Slain by an adder (4 damage)
             ... on level 2 of the Dungeon.
             The game lasted 00:05:10 (893 turns).

Dobeq the Chopper (Minotaur Chaos Knight)            Turns: 893, Time: 00:05:11

Health: -2/27      AC:  5    Str: 20 (21) XL:     2   Next: 96%
Magic:  1/1        EV: 11    Int:  7 (9)  God:    Xom [..*...]
Gold:   62         SH:  0    Dex:  8 (9)  Spells: 1/1 levels left

rFire    + . .     SeeInvis .   a - +0 hand axe (chaos)
rCold    . . .     Gourm    .   (no shield)
rNeg     . . .     Faith    .   b - +2 leather armour
rPois    .         Spirit   .   (helmet restricted)
rElec    .         Reflect  .   (no cloak)
rCorr    .         Harm     .   (no gloves)
MR       .....                  (no boots)
Stlth    +.........             d - amulet of magic regeneration
HPRegen  0.09/turn              i - ring of protection from fire
MPRegen  0.32/turn              (no ring)

@: mighty, lethally poisoned (-2 -> -5), flying
A: retaliatory headbutt, horns 2
a: Renounce Religion


You were on level 2 of the Dungeon.
You worshipped Xom.
You were a toy of Xom.
You were not hungry.

You visited 1 branch of the dungeon, and saw 2 of its levels.

You collected 62 gold pieces.

Inventory:

Hand Weapons
 a - a +0 hand axe of chaos (weapon)
Armour
 b - a +2 leather armour (worn)
Jewellery
 d - an amulet of magic regeneration (around neck)
 i - a ring of protection from fire (left hand)
Wands
 o - a wand of disintegration (5)
Scrolls
 f - a scroll of enchant armour {unknown}
 g - 2 scrolls of enchant weapon {unknown}
 k - 5 scrolls of identify {unknown}
 m - a scroll of immolation {unknown}
Comestibles
 c - a bread ration
 h - 2 royal jellies
 j - 2 chunks of flesh


   Skills:
 + Level 4.1 Fighting
 + Level 4.2 Axes
 + Level 3.0 Armour
 + Level 1.3 Dodging


You had one spell level left.
You didn't know any spells.

Dungeon Overview and Level Annotations

Branches:
Dungeon (2/15)

Altars:


Innate Abilities, Weirdness & Mutations

You reflexively headbutt those who attack you in melee.
You have a pair of horns on your head.


Message History

It was a potion of flight.
You feel very buoyant.
You fly up into the air.
Xom is amused.
* * * LOW HITPOINT WARNING * * *
You feel sick. The adder closely misses you.
It was a potion of magic.
Magic courses through your body. The adder closely misses you.
You furiously retaliate!
You headbutt the adder!
It was a potion of degeneration.
There was something very wrong with that liquid.
You feel weakened.
You feel dopey.
You feel clumsy.
Xom roars with laughter!
The adder closely misses you. x2
There is a lethal amount of poison in your body!
There is a lethal amount of poison in your body!
It was a potion of might.
You feel very mighty all of a sudden.
* * * LOW HITPOINT WARNING * * *
You feel sick. The adder bites you.
You die...

#.#..#..######.#.#
#.#..#..######.#.#
#....#.....<##.#.#
#...#.######....#
#...#.........###
#####>.########.##
#...#...........#
#...#.###########
+..S@.# #..S###
....... .......
....... .......
....... .......


You could see 2 adders.

Vanquished Creatures
  A worm (D:2)
  A dart slug (D:1)
  A leopard gecko (D:1)
  A bat (D:1)
  3 goblins (D:1)
  2 hobgoblins (D:1)
  3 jackals (D:1)
  A frilled lizard (D:1)
  3 kobolds (D:1)
  4 rats
20 creatures vanquished.

Notes
Turn   | Place    | Note
-------+----------+-------------------------------------------
     0 | D:1      | Dobeq the Minotaur Chaos Knight began the quest for the Orb.
     0 | D:1      | Reached XP level 1. HP: 19/19 MP: 0/0
    73 | D:1      | XOM: divination: detect creatures
   193 | D:1      | XOM: butterfly on damage
   411 | D:1      | Reached XP level 2. HP: 27/27 MP: 1/1
   494 | D:1      | XOM: scenery: 1 doors open
   889 | D:2      | XOM: enchant monster (bad)
   893 | D:2      | Slain by an adder

Vault maps used:
D:1:      tarquinn_simple_flora_water_e
D:2:      solitary_fountain

Skill      XL: |  1  2 |
---------------+-------+-----
Fighting       | 4 |  4.1
Axes           | 4 |  4.2
Armour         | 3 |  3.0
Dodging        | |  1.3

Action                   || total
-------------------------++-------
Melee: Hand axe          ||    49
       Headbutt          ||     6
  Use: Potion            ||     4
Armor: Leather armour    ||     8
Dodge: Dodged            ||    26

Table legend:
 A = Spawn XP
 B = Non-spawn XP
 C = Spawn XP percentage of total XP
 D = Spawn monster count
 E = Non-spawn monster count
 F = Spawn count percentage of total count
 G = Total turns spent on level
                    A         B        C        D         E        F      G
               +---------+---------+-------+---------+---------+-------+---------
         Total |       0 |      40 |   0.0 |       0 |      20 |   0.0 |   893
               +---------+---------+-------+---------+---------+-------+---------
           D:1 |       0 |      34 |   0.0 |       0 |      18 |   0.0 |   829
           D:2 |       0 |       6 |   0.0 |       0 |       2 |   0.0 |    64
               +---------+---------+-------+---------+---------+-------+---------
